 Dungeon Crawl Stone Soup version 0.29-a0-559-g359e09b9d1 (webtiles) character file.

Game seed: 1418481495127356691

1009 siradein the Skirmisher (level 8, -2/70 HPs)
             Began as a Minotaur Berserker on June 9, 2022.
             Was a Priest of Trog.
             Slain by Maggie
             ... wielding a +2 broad axe of flaming
              (5 damage)
             ... on level 6 of the Dungeon.
             The game lasted 00:07:36 (5647 turns).

siradein the Skirmisher (Minotaur Berserker)        Turns: 5647, Time: 00:07:38

Health: -2/70      AC: 13    Str: 25    XL:     8   Next: 1%
Magic:  7/7        EV: 12    Int:  4    God:    Trog [***...]
Gold:   251        SH:  0    Dex:  9    Spells: 7/7 levels left

rFire   . . .      SeeInvis .   l - +0 halberd
rCold   . . .      Faith    .   (shield currently unavailable)
rNeg    . . .      Spirit   .   r - +0 ring mail
rPois   .          Reflect  .   (helmet restricted)
rElec   .          Harm     .   (no cloak)
rCorr   .          Rampage  .   (no gloves)
Will    .....                   q - +2 pair of boots
Stlth   ..........              (no amulet)
HPRegen 0.21/turn               n - +4 ring of protection
MPRegen 0.10/turn               (no ring)

@: brilliant, on berserk cooldown, slowed, invisible, very slow
A: horns 2, retaliatory headbutt
a: Renounce Religion, Berserk, Trog's Hand


You were on level 6 of the Dungeon.
You worshipped Trog.
Trog was most pleased with you.
You visited 1 branch of the dungeon, and saw 6 of its levels.

You collected 251 gold pieces.

Inventory:

Hand Weapons
 l - a +0 halberd (weapon)
Missiles
 g - 224 stones (quivered)
 j - 4 poisoned darts
 m - 4 javelins
Armour
 q - a +2 pair of boots (worn)
 r - a +0 ring mail (worn)
Jewellery
 n - a +4 ring of protection (left hand)
Wands
 h - a wand of polymorph (4)
Scrolls
 a - a scroll of teleportation {unknown}
 e - a scroll of immolation
 o - a scroll of acquirement {unknown}
 p - a scroll of fog {unknown}
 s - a scroll of amnesia {unknown}
Potions
 c - a potion of curing
 i - a potion of invisibility
 k - 3 potions of flight


   Skills:
 + Level 6.2 Fighting
 + Level 6.2 Polearms
 + Level 3.6 Throwing
 + Level 5.4 Armour
 + Level 5.0 Dodging


You had 7 spell levels left.
You didn't know any spells.
Your spell library was empty.

Dungeon Overview and Level Annotations

Branches:
Dungeon (6/15)             Temple (0/1) D:5

Altars:
Sif Muna

Annotations:
D:4 1 runed translucent door, Hubjo's ghost, amateur DsTm
D:5 1 runed translucent door, Hubjo's ghost, novice DsTm
D:6 Maggie


Innate Abilities, Weirdness & Mutations

You have a pair of horns on your head.
You reflexively headbutt those who attack you in melee.


Message History

You're too confused to move!
You feel less confused.
Maggie zaps a wand.
You resist with some effort.
Maggie zaps a wand.
Your will is overpowered!
You are confused.
Maggie points at you and mumbles some strange words.
The bolt of fire misses you.
It was a potion of heal wounds.
You feel much better.
Maggie zaps a wand.
Your will is overpowered!
You are more confused.
Maggie gestures wildly while chanting.
You miss Maggie. Your headbutt misses Maggie.
Maggie is severely wounded.
Maggie closely misses you.
Maggie hits you with a +2 broad axe of flaming!
Maggie burns you.
You closely miss Maggie. Your headbutt misses Maggie.
Maggie is severely wounded.
Maggie gestures at you while chanting. The bolt of fire misses you.
Maggie gestures at something while chanting.
Maggie zaps a wand.
You feel less confused.
Maggie zaps a wand.
You open the door.
Maggie zaps a wand.
You resist with some effort.
Maggie zaps a wand.
You resist with some effort.
There is an open door here.
Maggie casts a spell at you. The bolt of fire hits you!
* * * LOW HITPOINT WARNING * * *
Maggie hits you with a +2 broad axe of flaming.
* * * LOW HITPOINT WARNING * * *
Maggie burns you.
* * * LOW HITPOINT WARNING * * *
You barely miss Maggie.
Maggie is severely wounded.
Maggie hits you with a +2 broad axe of flaming!
* * * LOW HITPOINT WARNING * * *
Maggie burns you.
* * * LOW HITPOINT WARNING * * *
Maggie hits you with a +2 broad axe of flaming.
You die...

... #.# ##+## #.# ##...##
#.# ##.....## ##.#
##.......## ##..#
#.........####...#########
+.......@@'...............
#.........####...#########
##.......######..####
##.....###.........# #
##...## #.####.##.# #
###'## #.# #.##.# #
#######...# #.# ##.##.# #
#.......#.### #.# #...#.#
# #.###...#...# #.#
#..##.# ####


You could see Maggie (can't see you).

Vanquished Creatures
  Menkaure (D:5)
  A water moccasin (D:5)
  2 black bears (D:5)
  A phantom (D:4)
  2 scorpions (D:5)
  A bullfrog (D:4)
  A jelly (D:6)
  3 iguanas
  7 gnolls
  9 adders
  An ufetubus (D:5)
  A worm (D:2)
  2 dart slugs (D:1)
  3 endoplasms
  3 giant cockroaches
  9 goblins
  6 hobgoblins
  7 jackals (D:1)
  3 quokkas
  3 ball pythons
  4 bats
  6 frilled lizards
  8 kobolds
  8 rats
92 creatures vanquished.

Notes
Turn   | Place    | Note
-------+----------+-------------------------------------------
     0 | D:1      | siradein the Minotaur Berserker began the quest for the
                  | Orb.
     0 | D:1      | Reached XP level 1. HP: 19/19 MP: 0/0
   241 | D:1      | Reached XP level 2. HP: 27/27 MP: 1/1
   559 | D:1      | Reached ** piety under Trog
   563 | D:1      | Reached XP level 3. HP: 33/33 MP: 2/2
   587 | D:1      | Found a faded altar of an unknown god.
  1511 | D:2      | Reached XP level 4. HP: 22/40 MP: 3/3
  2430 | D:3      | Reached skill level 1 in Throwing
  2483 | D:3      | Found a shimmering blue altar of Sif Muna.
  2661 | D:3      | Reached XP level 5. HP: 44/47 MP: 4/4
  3109 | D:4      | Noticed a phantom
  3121 | D:4      | Killed a phantom
  3122 | D:4      | Reached skill level 5 in Fighting
  3122 | D:4      | Reached skill level 5 in Polearms
  3122 | D:4      | Reached XP level 6. HP: 34/56 MP: 5/5
  3784 | D:4      | Found a runed translucent door.
  3784 | D:4      | Noticed Hubjo's ghost (amateur DsTm)
  4029 | D:4      | Reached *** piety under Trog
  4252 | D:5      | Entered Level 5 of the Dungeon
  4375 | D:5      | Found a runed translucent door.
  4379 | D:5      | Noticed Hubjo's ghost (novice DsTm)
  4426 | D:5      | Reached XP level 7. HP: 59/61 MP: 6/6
  4491 | D:5      | Reached skill level 5 in Armour
  4668 | D:5      | Noticed Menkaure
  4681 | D:5      | Killed Menkaure
  4955 | D:5      | Found a staircase to the Ecumenical Temple.
  5411 | D:6      | Reached skill level 5 in Dodging
  5520 | D:6      | Reached XP level 8. HP: 70/70 MP: 7/7
  5611 | D:6      | Noticed Maggie
  5647 | D:6      | HP: 3/70 [Maggie/+2 broad axe of flaming (1)]
  5647 | D:6      | Slain by Maggie

Illustrated notes

Levels and vault maps discovered:
D:1:      dpeg_arrival_leaves_temple_mockup, layout_basic,
          chequers_ecumenical_altar_twisty
D:2:      layout_loops_ring
D:3:      layout_rooms, nicolae_sif_muna_condensation
D:4:      minmay_evil_eye, layout_basic, gammafunk_ghost_grave
D:5:      minmay_inner_zag, layout_loops_ring,
          minmay_temple_entry_gardened_gates, ebering_ghost_reflecting_pool,
          minmay_misc_feat_doors, uniq_menkaure
D:6:      layout_loops_corners, uniq_maggie

Skill      XL: |  1  2  3  4  5  6  7 |
---------------+----------------------+-----
Fighting       | 4 5 6 |  6.2
Polearms       | 4 5 6 |  6.2
Armour         | 3 4 5 |  5.4
Dodging        | 3 4 5 |  5.0
Throwing       | 1 2 3 |  3.6

Action                   |  1- 3 |  4- 6 |  7- 9 || total
-------------------------+-------+-------+-------++-------
Melee: Spear             |   100 |    69 |       ||   169
       Headbutt          |    10 |     8 |    10 ||    28
       Punch             |     2 |       |       ||     2
       Halberd           |       |    51 |    50 ||   101
Throw: Stone             |     1 |     2 |     6 ||     9
Invok: Berserk           |       |     1 |     2 ||     3
  Use: Scroll            |       |     4 |     1 ||     5
       Potion            |       |       |     4 ||     4
Armor: Animal skin       |     4 |    16 |       ||    20
       Ring mail         |       |    12 |    16 ||    28
Dodge: Dodged            |    38 |    58 |    25 ||   121

Table legend: (Time is in decaauts)
 A = Elapsed time spent in this place.
 B = Non-inter-level travel time spent in this place.
 C = Inter-level travel time spent in this place.
 D = Time resting spent in this place.
 E = Time spent auto-exploring this place.
 F = Levels seen in this place.
 G = Mean time per level.
                   A        B        C        D        E       F      G
               +--------+--------+--------+--------+--------+-----+--------+
         Total |   5674 |   5524 |    150 |    126 |   4638 |   6 |  945.7 |
       Dungeon |   5674 |   5524 |    150 |    126 |   4638 |   6 |  945.7 |
               +--------+--------+--------+--------+--------+-----+--------+

Top non-repeatable levels by time:
     D:1: 1281 daAuts
     D:5: 1158 daAuts
     D:4: 1088 daAuts
     D:2: 1070 daAuts
     D:3: 810 daAuts
     D:6: 265 daAuts
